PUBAA
TERRY'S BATS @ CHARLESTON CHEW
05/27/1972
 
TOP OF THE 1ST
Terry's Bats batting - Pitching for Charleston Chew : LHP Heui-seong Pak
Pitching: LHP Heui-seong Pak
Batting: LHB Jim Davis 0-0: Ball
1-0: Ball
2-0: Ball
3-0: Base on Balls
Batting: RHB Rich Severson 0-0: Ball
Jim Davis steals 2nd base
1-0: Ball
Wild Pitch!
Jim Davis to third
2-0: Called Strike
2-1: SINGLE (Groundball, 34D, EV 109.4 MPH)
Jim Davis scores
Batting: LHB Sancho Deleón 0-0: Called Strike
0-1: Called Strike
0-2: Ball
1-2: Foul Ball, location: 9LMF
1-2: Fly out, F8 (Flyball, 8LXD, EV 101.9 MPH)
Batting: RHB William Williams 0-0: Ball
1-0: Ball
2-0: Swinging Strike
2-1: Ball
3-1: Fly out, F8 (Flyball, 78M, EV 85.0 MPH)
Batting: LHB Sabeeh Abdul-Nasir 0-0: Ball
1-0: Foul Ball, location: 7LSF
1-1: Ball
2-1: Swinging Strike
2-2: Strikes out swinging
Top of the 1st over - 1 run, 1 hit, 0 errors, 1 left on base; Terry's 1 - Charleston 0
BOTTOM OF THE 1ST
Charleston Chew batting - Pitching for Terry's Bats : RHP Boyd Kirkman
Pitching: RHP Boyd Kirkman
Batting: RHB Shotaro Kiyomizu 0-0: Foul Ball, location: 5DF
0-1: Ball
1-1: Called Strike
1-2: Foul Ball, location: 5SF
1-2: Strikes out swinging
Batting: RHB Ike Brown 0-0: Called Strike
0-1: Swinging Strike
0-2: Strikes out looking
Batting: RHB Archie Beck 0-0: Foul Ball, location: 7LSF
0-1: Ball
1-1: SINGLE (Groundball, 6MD, EV 106.3 MPH)
Batting: RHB Jerry Moore 0-0: Foul Ball, location: 2F
0-1: Fielders Choice at 2nd, U4 (Groundball, 4M, EV 78.1 MPH)
Bottom of the 1st over - 0 runs, 1 hit, 0 errors, 1 left on base; Terry's 1 - Charleston 0
TOP OF THE 2ND
Terry's Bats batting - Pitching for Charleston Chew : LHP Heui-seong Pak
Batting: LHB Dave Wilson 0-0: Ball
1-0: SOLO HOME RUN (Flyball, 7D, EV 102.5 MPH), Distance : 398 ft
Batting: SHB Darrel Chaney 0-0: Called Strike
0-1: Called Strike
0-2: Foul Ball, location: 2F
0-2: Foul Ball, location: 5SF
0-2: Ball
1-2: Ball
2-2: Foul Ball, location: 2F
2-2: Ground out 6-3 (Groundball, 6M, EV 97.5 MPH)
Batting: SHB Jim Unknown 0-0: Called Strike
0-1: Foul Ball, location: 2F
0-2: Ball
1-2: Foul Ball, location: 7LSF
1-2: Strikes out swinging
Batting: RHB Ron Cey 0-0: Ball
1-0: Called Strike
1-1: Ball
2-1: Ball
3-1: Base on Balls
Batting: LHB Jim Davis 0-0: Ball
1-0: Called Strike
1-1: Called Strike
1-2: SINGLE (Line Drive, 4D, EV 103.8 MPH)
Ron Cey to second
Runner from 2nd tries for 3rd, SAFE, throw by CF made to third
Batting: RHB Rich Severson 0-0: Ball
1-0: SINGLE (Groundball, 34D, EV 105.6 MPH)
Ron Cey scores
Jim Davis to second
Runner from 2nd tries for 3rd, OUT! 9-5
Top of the 2nd over - 2 runs, 3 hits, 0 errors, 1 left on base; Terry's 3 - Charleston 0
BOTTOM OF THE 2ND
Charleston Chew batting - Pitching for Terry's Bats : RHP Boyd Kirkman
Batting: RHB Ken Harrelson 0-0: Called Strike
0-1: Ball
1-1: Called Strike
1-2: Ball
2-2: Foul Ball, location: 3DF
2-2: Strikes out swinging
Batting: LHB Juan Figura 0-0: Ball
1-0: Ball
2-0: Called Strike
2-1: Foul Ball, location: 2F
2-2: Ball
3-2: Foul Ball, location: 5FF
3-2: Foul Ball, location: 5F
3-2: Foul Ball, location: 25F
3-2: Foul Ball, location: 2F
3-2: Ground out 1-3 (Groundball, 13S, EV 63.8 MPH)
Batting: RHB Edgardo Brieno 0-0: Called Strike
0-1: Ball
1-1: Called Strike
1-2: Ball
2-2: Foul Ball, location: 23F
2-2: Ball
3-2: SINGLE (Groundball, 6MS, EV 70.0 MPH) (infield hit)
Batting: SHB Zachary Austin 0-0: SINGLE (Groundball, 4MD, EV 96.9 MPH)
Edgardo Brieno to second
Throwing error, E8
Edgardo Brieno scores
Zachary Austin to second
Batting: RHB Jim Unknown 0-0: Swinging Strike
0-1: Swinging Strike
0-2: Strikes out swinging
Bottom of the 2nd over - 1 run, 2 hits, 1 error, 1 left on base; Terry's 3 - Charleston 1
TOP OF THE 3RD
Terry's Bats batting - Pitching for Charleston Chew : LHP Heui-seong Pak
Batting: LHB Sancho Deleón 0-0: Called Strike
0-1: Swinging Strike
0-2: Ball
1-2: Strikes out swinging
Batting: RHB William Williams 0-0: Ball
1-0: Ball
2-0: Swinging Strike
2-1: Called Strike
2-2: Fly out, F7 (Flyball, 78S, EV 85.0 MPH)
Batting: LHB Sabeeh Abdul-Nasir 0-0: Called Strike
0-1: Called Strike
0-2: Ball
1-2: Ball
2-2: Ball
3-2: Foul Ball, location: 2F
3-2: SINGLE (Groundball, 34D, EV 95.0 MPH)
Batting: LHB Dave Wilson 0-0: Called Strike
0-1: Ball
1-1: Fly out, F8 (Flyball, 8LD, EV 110.6 MPH)
Top of the 3rd over - 0 runs, 1 hit, 0 errors, 1 left on base; Terry's 3 - Charleston 1
BOTTOM OF THE 3RD
Charleston Chew batting - Pitching for Terry's Bats : RHP Boyd Kirkman
Batting: RHB Shotaro Kiyomizu 0-0: Foul Ball, location: 9LMF
0-1: Ball
1-1: Ball
2-1: Foul Ball, location: 23F
2-2: Foul Ball, location: 3DF
2-2: Foul Ball, location: 9LMF
2-2: Foul Ball, location: 2F
2-2: SINGLE (Groundball, 6MS, EV 63.1 MPH) (infield hit)
Batting: RHB Ike Brown 0-0: Ball
1-0: Sac Bunt to 13S - play at first, batter OUT! 1-3
Shotaro Kiyomizu to second
Batting: RHB Archie Beck 0-0: Ball
1-0: Foul Ball, location: 9LSF
1-1: Ball
2-1: Foul Ball, location: 2F
2-2: Ball
3-2: Ground out 5-3 (Groundball, 56S, EV 84.4 MPH)
Shotaro Kiyomizu to third
Batting: RHB Jerry Moore 0-0: Ball
1-0: Foul Ball, location: 2F
1-1: Called Strike
1-2: Ball
2-2: Foul Ball, location: 25F
2-2: Foul Ball, location: 23F
2-2: Ball
3-2: Base on Balls
Batting: RHB Ken Harrelson 0-0: Ball
1-0: Called Strike
1-1: Foul Ball, location: 2F
1-2: Fielders Choice at 2nd, 6-4 (Groundball, 6, EV 85.6 MPH)
Bottom of the 3rd over - 0 runs, 1 hit, 0 errors, 2 left on base; Terry's 3 - Charleston 1
TOP OF THE 4TH
Terry's Bats batting - Pitching for Charleston Chew : LHP Heui-seong Pak
Batting: SHB Darrel Chaney 0-0: Ball
1-0: Foul Ball, location: 2F
1-1: Ball
2-1: Called Strike
2-2: Ground out 6-3 (Groundball, 6, EV 105.0 MPH)
Batting: SHB Jim Unknown 0-0: Ball
1-0: Ball
2-0: Swinging Strike
2-1: Called Strike
2-2: Strikes out swinging
Batting: RHB Ron Cey 0-0: Ball
1-0: Called Strike
1-1: Ball
2-1: Ground out 4-3 (Groundball, 34, EV 106.9 MPH)
Top of the 4th over - 0 runs, 0 hits, 0 errors, 0 left on base; Terry's 3 - Charleston 1
BOTTOM OF THE 4TH
Charleston Chew batting - Pitching for Terry's Bats : RHP Boyd Kirkman
Batting: LHB Juan Figura 0-0: Ball
1-0: Called Strike
1-1: Ball
2-1: DOUBLE (Line Drive, 7LM, EV 110.6 MPH)
Batting: RHB Edgardo Brieno 0-0: Ball
1-0: Foul Ball, location: 2F
1-1: Ball
2-1: Ball
3-1: Base on Balls
Batting: SHB Zachary Austin 0-0: Ball
1-0: Foul Ball, location: 23FF
1-1: Bunted foul
1-2: Foul Ball, location: 23FF
1-2: SINGLE (Groundball, 6M, EV 98.8 MPH)
Juan Figura to third
Edgardo Brieno to second
Runner from 3rd tries for Home, SAFE, throw by CF to home
Batting: RHB Jim Unknown 0-0: Bunted foul
0-1: Ball
1-1: Bunt missed!
1-2: Fly out, F3 (Popup, 3S, EV 43.1 MPH)
Batting: RHB Shotaro Kiyomizu 0-0: Foul Ball, location: 2F
0-1: Fly out, F8 (Flyball, 8LM, EV 95.6 MPH)
Batting: RHB Ike Brown 0-0: Ball
1-0: Fielders Choice at 2nd, U6 (Groundball, 4MD, EV 99.4 MPH)
Bottom of the 4th over - 1 run, 2 hits, 0 errors, 2 left on base; Terry's 3 - Charleston 2
TOP OF THE 5TH
Terry's Bats batting - Pitching for Charleston Chew : LHP Heui-seong Pak
Batting: LHB Jim Davis 0-0: Ball
1-0: Swinging Strike
1-1: Ball
2-1: Ball
3-1: Base on Balls
Batting: RHB Rich Severson 0-0: Ball
1-0: Hit by Pitch
Jim Davis to second
Batting: LHB Sancho Deleón 0-0: Ball
1-0: Foul Ball, location: 5F
1-1: Called Strike
1-2: Ball
2-2: Ball
3-2: Strikes out swinging
Batting: RHB William Williams 0-0: Called Strike
0-1: Ball
1-1: Fly out, F8 (Flyball, 78D, EV 103.1 MPH)
Batting: LHB Sabeeh Abdul-Nasir 0-0: Foul Ball, location: 7LSF
0-1: Foul Ball, location: 5DF
0-2: Strikes out swinging
Top of the 5th over - 0 runs, 0 hits, 0 errors, 2 left on base; Terry's 3 - Charleston 2
BOTTOM OF THE 5TH
Charleston Chew batting - Pitching for Terry's Bats : RHP Boyd Kirkman
Batting: RHB Archie Beck 0-0: Ball
1-0: Foul Ball, location: 7LSFF
1-1: Fly out, F3 (Line Drive, 3, EV 68.8 MPH)
Batting: RHB Jerry Moore 0-0: Ball
1-0: Ball
2-0: Ground out 5-3 (Groundball, 56, EV 95.6 MPH)
Batting: RHB Ken Harrelson 0-0: Ground out 4-3 (Groundball, 34, EV 84.4 MPH)
Bottom of the 5th over - 0 runs, 0 hits, 0 errors, 0 left on base; Terry's 3 - Charleston 2
TOP OF THE 6TH
Terry's Bats batting - Pitching for Charleston Chew : LHP Heui-seong Pak
Batting: LHB Dave Wilson 0-0: Called Strike
0-1: Ball
1-1: Fly out, F7 (Flyball, 78M, EV 89.4 MPH)
Batting: SHB Darrel Chaney 0-0: Ball
1-0: Ball
2-0: Ball
3-0: Called Strike
3-1: Swinging Strike
3-2: Base on Balls
Batting: SHB Jim Unknown 0-0: Called Strike
0-1: Ball
1-1: Foul Ball, location: 2F
1-2: Ball
2-2: Foul Ball, location: 5F
2-2: Strikes out swinging
Batting: RHB Ron Cey 0-0: Ball
1-0: Called Strike
1-1: Ball
2-1: Foul Ball, location: 9LSF
2-2: Foul Ball, location: 7LSF
2-2: Strikes out swinging
Top of the 6th over - 0 runs, 0 hits, 0 errors, 1 left on base; Terry's 3 - Charleston 2
BOTTOM OF THE 6TH
Charleston Chew batting - Pitching for Terry's Bats : RHP Boyd Kirkman
Batting: LHB Juan Figura 0-0: DOUBLE (Line Drive, 7LM, EV 110.0 MPH)
Batting: RHB Edgardo Brieno 0-0: Hit by Pitch
Batting: SHB Zachary Austin 0-0: Swinging Strike
0-1: Swinging Strike
0-2: Foul Ball, location: 23F
0-2: Ball
1-2: Foul Ball, location: 3SF
1-2: Fly out, F8 (Flyball, 8LM, EV 81.9 MPH)
Batting: RHB Jim Unknown 0-0: Ball
1-0: Swinging Strike
1-1: Called Strike
1-2: Ball
2-2: Foul Ball, location: 2F
2-2: Ball
3-2: Foul Ball, location: 5FF
3-2: Strikes out swinging
Batting: RHB Shotaro Kiyomizu 0-0: Foul Ball, location: 2F
0-1: Foul Ball, location: 7LSF
0-2: Ball
1-2: Strikes out swinging
Bottom of the 6th over - 0 runs, 1 hit, 0 errors, 2 left on base; Terry's 3 - Charleston 2
TOP OF THE 7TH
Terry's Bats batting - Pitching for Charleston Chew : LHP Heui-seong Pak
Batting: LHB Jim Davis 0-0: Ball
1-0: Called Strike
1-1: Ball
2-1: Ball
3-1: Base on Balls
Batting: RHB Rich Severson 0-0: Ball
1-0: Foul Ball, location: 2F
1-1: Ball
2-1: SINGLE (Groundball, 6MD, EV 96.3 MPH)
Jim Davis to second
Runner from 2nd tries for 3rd, SAFE, throw by CF made to third
Batting: LHB Sancho Deleón 0-0: Ball
1-0: Fly out, F5 (Popup, 5, EV 81.3 MPH)
Batting: RHB William Williams 0-0: Ball
1-0: Called Strike
1-1: Called Strike
1-2: Strikes out swinging
Batting: LHB Sabeeh Abdul-Nasir 0-0: Ball
1-0: Foul Ball, location: 7LSF
1-1: Ball
2-1: Foul Ball, location: 2F
2-2: Ball
3-2: Fly out, F8 (Flyball, 78D, EV 82.5 MPH)
Top of the 7th over - 0 runs, 1 hit, 0 errors, 2 left on base; Terry's 3 - Charleston 2
BOTTOM OF THE 7TH
Charleston Chew batting - Pitching for Terry's Bats : RHP Boyd Kirkman
Batting: RHB Ike Brown 0-0: Ball
1-0: SINGLE (Groundball, 6D, EV 101.3 MPH)
Batting: RHB Archie Beck 0-0: Ball
Ike Brown steals 2nd base
1-0: DOUBLE (Flyball, 78D, EV 96.3 MPH)
Ike Brown scores
Batting: RHB Jerry Moore 0-0: Ball
1-0: Called Strike
1-1: Foul Ball, location: 2F
1-2: Ball
2-2: Strikes out swinging
Batting: RHB Ken Harrelson 0-0: 2-RUN HOME RUN (Flyball, 7LD, EV 91.9 MPH), Distance : 352 ft
Batting: LHB Juan Figura 0-0: Ball
1-0: Ball
2-0: Foul Ball, location: 2F
2-1: Ground out 5-3 (Groundball, 5S, EV 85.6 MPH)
Batting: RHB Edgardo Brieno 0-0: Ball
1-0: Fly out, F7 (Flyball, 7, EV 93.1 MPH)
Bottom of the 7th over - 3 runs, 3 hits, 0 errors, 0 left on base; Terry's 3 - Charleston 5
TOP OF THE 8TH
Terry's Bats batting - Pitching for Charleston Chew : LHP Heui-seong Pak
Pitching: RHP Scott Hayes
Batting: LHB Dave Wilson 0-0: Ball
1-0: Called Strike
1-1: SINGLE (Flyball, 8LS, EV 86.9 MPH)
Pinch Hitting: RHB Alex Hastings 0-0: Foul Ball, location: 2F
0-1: Ball
1-1: Ball
2-1: SINGLE (Line Drive, 5D, EV 106.3 MPH)
Dave Wilson to second
Batting: SHB Jim Unknown 0-0: Ball
1-0: Ball
2-0: SINGLE (Groundball, 6MD, EV 101.3 MPH)
Dave Wilson to third
Alex Hastings to second
Batting: RHB Ron Cey 0-0: Foul Ball, location: 25F
0-1: Ball
1-1: Swinging Strike
1-2: Strikes out looking
Batting: LHB Jim Davis 0-0: Ball
1-0: Fly out, F7 (Line Drive, 7S, EV 96.3 MPH)
Runner from 3rd tags up, SCORES, throw by LF
Batting: RHB Rich Severson 0-0: Swinging Strike
0-1: Fielders Choice at 2nd, U4 (Groundball, 4M, EV 88.1 MPH)
Top of the 8th over - 1 run, 3 hits, 0 errors, 2 left on base; Terry's 4 - Charleston 5
BOTTOM OF THE 8TH
Charleston Chew batting - Pitching for Terry's Bats : RHP Boyd Kirkman
Pitching: LHP Don Gullett
Now at 2B: Ricardo Trujillo
Now at SS: Rich Severson
Batting: SHB Zachary Austin 0-0: Ball
1-0: Ball
2-0: Swinging Strike
2-1: Swinging Strike
2-2: Ball
3-2: Foul Ball, location: 5SF
3-2: Base on Balls
Batting: RHB Jim Unknown 0-0: Bunted foul
0-1: Sac Bunt to 3S - play at first, batter OUT! 3-1
Zachary Austin to second
Batting: RHB Shotaro Kiyomizu 0-0: Called Strike
0-1: Ball
Wild Pitch!
Zachary Austin to third
1-1: SINGLE (Groundball, 6M, EV 86.9 MPH)
Zachary Austin scores
Batting: RHB Ike Brown 0-0: Called Strike
0-1: Ball
1-1: Ball
2-1: Called Strike
Shotaro Kiyomizu is caught stealing 2nd base 2-4
2-2: Strikes out swinging
Bottom of the 8th over - 1 run, 1 hit, 0 errors, 0 left on base; Terry's 4 - Charleston 6
TOP OF THE 9TH
Terry's Bats batting - Pitching for Charleston Chew : RHP Scott Hayes
Now in LF: Luis Chávez
Now in RF: Keizo Ando
Batting: LHB Sancho Deleón 0-0: Ball
1-0: Swinging Strike
1-1: Foul Ball, location: 2F
1-2: Foul Ball, location: 25FF
1-2: Strikes out looking
Batting: RHB William Williams 0-0: Ball
1-0: Swinging Strike
1-1: Called Strike
1-2: DOUBLE (Flyball, 89D, EV 106.3 MPH)
Batting: LHB Sabeeh Abdul-Nasir 0-0: Ball
1-0: Ball
2-0: Ball
3-0: Base on Balls
Batting: LHB Dave Wilson 0-0: Ball
1-0: Called Strike
1-1: Foul Ball, location: 5DF
1-2: Ball
2-2: Ball
3-2: Base on Balls
William Williams to third
Sabeeh Abdul-Nasir to second
Pinch Hitting: RHB Masujiro Makino 0-0: Ball
1-0: Called Strike
1-1: Ball
2-1: Foul Ball, location: 25F
2-2: Strikes out looking
Batting: SHB Jim Unknown 0-0: Called Strike
0-1: Foul Ball, location: 2F
0-2: Ball
1-2: Ball
2-2: Ball
3-2: Strikes out looking
Top of the 9th over - 0 runs, 1 hit, 0 errors, 3 left on base; Terry's 4 - Charleston 6
Thursday, March 21st , 2024 - OOTP Baseball 24.8 Build 75